 Dungeon Crawl Stone Soup version 0.32-a0-540-g866d13106e (webtiles) character file.

Game seed: 2326057937286366389

2254 gimp the Thaumaturge (level 9, -1/50 HPs)
             Began as a Deep Elf Air Elementalist on Feb 28, 2024.
             Was a Follower of Vehumet.
             Slain by a killer bee (6 damage)
             ... on level 8 of the Dungeon.
             The game lasted 00:10:36 (8357 turns).

gimp the Thaumaturge (Deep Elf Air Elementalist)    Turns: 8357, Time: 00:10:36

Health: -1/50      AC:  6    Str:  5    XL:     9   Next: 15%
Magic:  14/24      EV: 14    Int: 25    God:    Vehumet [*.....]
Gold:   347        SH:  0    Dex: 15    Spells: 15/26 levels left

rFire   + . .        a - +1 dagger (speed)
rCold   . . .        (no shield)
rNeg    . . .        e - +0 robe
rPois   .            C - +0 helmet
rElec   .            w - +0 cloak
rCorr   .            n - +0 pair of gloves
SInv    .            A - +0 pair of boots
Will    .....        (no amulet)
Stlth   ++           x - ring of protection from fire
HPRegen 0.28/turn    (no ring)
MPRegen 0.19/turn

%: no passive effects
@: no status effects
A: no striking features
a: Renounce Religion


You were on level 8 of the Dungeon.
You worshipped Vehumet.
Vehumet was aware of your devotion.
You visited 2 branches of the dungeon, and saw 9 of its levels.

You collected 417 gold pieces.
You spent 70 gold pieces at shops.

Inventory:

Hand Weapons
 a - a +1 dagger of speed (weapon)
Missiles
 m - 6 curare-tipped darts
Armour
 e - a +0 robe (worn)
 n - a +0 pair of gloves (worn)
 w - a +0 cloak (worn)
 A - a +0 pair of boots (worn)
 C - a +0 helmet (worn)
Magical Staves
 b - a staff of earth
 c - a staff of cold
Jewellery
 x - a ring of protection from fire (left hand)
Wands
 q - a wand of flame (17)
 D - a wand of mindburst (11)
Scrolls
 h - 2 scrolls of poison {unknown}
 i - 2 scrolls of enchant weapon {unknown}
 j - a scroll of silence {unknown}
 l - a scroll of vulnerability {unknown}
 o - 2 scrolls of noise {unknown}
 p - 4 scrolls of identify {unknown}
 r - 2 scrolls of teleportation {unknown}
 y - a scroll of butterflies {unknown}
 z - a scroll of blinking {unknown}
 E - a scroll of acquirement {unknown}
 F - a scroll of fear {unknown}
Potions
 d - a potion of heal wounds {unknown}
 f - 2 potions of haste {unknown}
 g - a potion of magic
 k - a potion of curing
 s - a potion of resistance {unknown}
 t - 2 potions of lignification {unknown}
 u - 3 potions of brilliance {unknown}
 v - 2 potions of mutation {unknown}
 B - a potion of cancellation {unknown}


   Skills:
 - Level 3.0 Fighting
 + Level 4.7 Dodging
 - Level 2.4 Stealth
 + Level 9.2 Spellcasting
 - Level 4.4 Conjurations
 + Level 4.2 Summonings
 + Level 7.9 Air Magic


You had 15 spell levels left.
You knew the following spells:

 Your Spells              Type           Power      Damage    Failure   Level
a - Shock                 Conj/Air       100%       1d9       1%          1
b - Static Discharge      Conj/Air       84%        3-7/arc   1%          2
c - Airstrike             Air            25%        2d(4-20)  1%          4
d - Summon Lightning Spi  Summ/Air       42%        N/A       4%          4

Your spell library contained the following spells:

 Spells                   Type           Power      Damage    Failure   Level
 Foxfire                  Conj/Fire      88%        2x1d8     2%          1
 Swiftness                Air            51%        N/A       1%          3
 Ensorcelled Hibernation  Hex/Ice        22%        N/A       9%          2
 Fugue of the Fallen      Necr           11%        N/A       16%         3
 Animate Armour           Summ/Erth      44%        N/A       22%         4
 Anguish                  Hex/Necr       5%         N/A       47%         4
 Lee's Rapid Deconstruct  Erth           5%         3d6*      83%         5


Dungeon Overview and Level Annotations

Branches:
Dungeon (8/15)             Temple (1/1) D:6
   Lair: D:8-11

Altars:
Ashenzari
Cheibriados
Dithmenos
Fedhas
Gozag
Hepliaklqana
Kikubaaqudgha
Makhleb
Nemelex Xobeh
Okawaru
Qazlal
Ru
Sif Muna
Trog
Uskayaw
Vehumet
Wu Jian
Xom
Yredelemnul
Zin
The Shining One

Shops:
D:2 !   D:6 (   D:7 (   D:8 :


Message History

You see here a book of Air.
As you open the door, it creaks loudly!
Found 4 stones.
You see here 4 stones.
Found a stone staircase leading down.
You now have 347 gold pieces (gained 3).
There is a stone staircase leading down here.
A killer bee comes into view.
Casting: Shock (safe; 1% risk of failure)
Confirm with . or Enter, or press ? or * to list all spells.
Aiming: Shock (safe; 1% risk of failure)
Press: ? - help, Shift-Dir - straight line, f - killer bee
Aim: a killer bee (asleep, 100% to hit)
The zap hits the killer bee!
The killer bee is heavily wounded.
The killer bee buzzes angrily.
You hear an angry buzzing noise.
You now have 23/24 mp.
Casting: Shock (safe; 1% risk of failure)
Confirm with . or Enter, or press ? or * to list all spells.
The killer bee is struck by an arc of lightning.
The killer bee is heavily wounded.
You are struck by an arc of lightning.
The killer bee is struck by an arc of lightning.
The killer bee is severely wounded.
The lightning grounds out.
The killer bee stings you.
The killer bee stings you but does no damage.
A killer bee comes into view.
You take 4 damage, and have 46/50 hp.
You now have 21/24 mp.
Casting: Static Discharge (safe; 1% risk of failure)
Confirm with . or Enter, or press ? or * to list all spells.
The killer bee is struck by an arc of lightning.
The killer bee is almost dead.
You are struck by an arc of lightning.
The killer bee is struck by an arc of lightning.
You kill the killer bee!
Vehumet accepts your kill.
You are struck by an arc of lightning.
The lightning grounds out.
A killer bee comes into view. x2
You take 2 damage, and have 44/50 hp.
You now have 19/24 mp.
Casting: Static Discharge (safe; 1% risk of failure)
Confirm with . or Enter, or press ? or * to list all spells.
The killer bee is struck by an arc of lightning.
The killer bee is lightly wounded.
You are struck by an arc of lightning.
The lightning grounds out.
The killer bee buzzes angrily.
The killer bee stings you.
You are poisoned.
The killer bee poisons you! The killer bee stings you.
You take 7 damage, and have 37/50 hp.
You now have 18/24 mp.
You feel sick. The killer bee closely misses you.
You take 2 damage, and have 35/50 hp.
Casting: Static Discharge (safe; 1% risk of failure)
Confirm with . or Enter, or press ? or * to list all spells.
The killer bee is struck by an arc of lightning.
The killer bee is lightly wounded.
You are struck by an arc of lightning.
The killer bee is struck by an arc of lightning!
The killer bee is severely wounded.
You are struck by an arc of lightning.
The killer bee is struck by an arc of lightning.
The killer bee is moderately wounded.
The killer bee is struck by an arc of lightning!
You kill the killer bee!
Vehumet accepts your kill.
The killer bee is struck by an arc of lightning!
The killer bee is heavily wounded.
The lightning grounds out.
You feel sick.
The killer bee stings you but does no damage.
The killer bee stings you. The killer bee stings you!
* * * LOW HITPOINT WARNING * * *
You are more poisoned.
The killer bee poisons you!
You take 20 damage, and have 15/50 hp.
MASSIVE DAMAGE!!
You now have 16/24 mp.
You feel better. The killer bee barely misses you. The killer bee stings you.
The killer bee barely misses you. The killer bee closely misses you.
You regained 5 hp, and now have 20/50 hp.
Casting: Static Discharge (safe; 1% risk of failure)
Confirm with . or Enter, or press ? or * to list all spells.
The killer bee is struck by an arc of lightning.
The killer bee is severely wounded.
The killer bee is struck by an arc of lightning!
The killer bee is almost dead.
You are struck by an arc of lightning.
The killer bee is struck by an arc of lightning.
You kill the killer bee!
Vehumet accepts your kill.
You feel your power returning.
You are struck by an arc of lightning.
* * * LOW HITPOINT WARNING * * *
The lightning grounds out.
The killer bee stings you!
* * * LOW HITPOINT WARNING * * *
The killer bee barely misses you.
You take 12 damage, and have 8/50 hp.
MASSIVE DAMAGE!!
You now have 15/24 mp.
Casting: Static Discharge (safe; 1% risk of failure)
Confirm with . or Enter, or press ? or * to list all spells.
The killer bee is struck by an arc of lightning.
The killer bee is almost dead.
You are struck by an arc of lightning.
* * * LOW HITPOINT WARNING * * *
The lightning grounds out.
The killer bee stings you.
You die...

#..####
#.....# #
#.......#####
#..#..#. ...
#...... ..#
#....$##..#
#.$..†....#
#....††#.....
#.....#y@# ###
#######..#
.........#
.######.....#
...........##
######.##.#
#.##...>...#.#
#.......#..#.#
.######.####.#


You could see a killer bee.

Vanquished Creatures
  A wyvern (D:8)
  A water moccasin (D:8)
  An ogre (D:5)
  A phantom (D:6)
  A weeping skull (D:3)
  2 kobold brigands
  Blork the orc (D:4)
  2 bullfrogs
  2 wights (D:7)
  6 killer bees
  A howler monkey (D:8)
  4 orc priests
  2 hounds
  5 iguanas
  3 orc wizards
  10 gnolls
  6 adders
  A shadow imp (D:7)
  2 white imps (D:6)
  2 ufetubi (D:5)
  12 orcs
  5 ball pythons
  7 endoplasms
  4 giant cockroaches
  9 goblins
  5 hobgoblins
  8 jackals (D:2)
  3 quokkas
  3 bats
  6 frilled lizards
  17 kobolds
  4 rats
  A spectral orc (D:3)
138 creatures vanquished.

Vanquished Creatures (collateral kills)
  Prince Ribbit (D:7)
  An orc warrior (D:8)
  A howler monkey (D:8)
  A jelly (D:7)
  3 orcs
7 creatures vanquished.

Grand Total: 145 creatures vanquished

Notes
Turn   | Place    | Note
-------+----------+-------------------------------------------
     0 | D:1      | gimp the Deep Elf Air Elementalist began the quest for the
                  | Orb.
     0 | D:1      | Reached XP level 1. HP: 10/10 MP: 6/6
   357 | D:1      | Reached XP level 2. HP: 15/15 MP: 4/8
   528 | D:1      | Found a faded altar of an unknown god.
  1151 | D:2      | Reached XP level 3. HP: 19/19 MP: 2/10
  1162 | D:1      | Learned a level 2 spell: Static Discharge
  1237 | D:2      | Reached skill level 4 in Spellcasting
  1559 | D:2      | Reached XP level 4. HP: 24/24 MP: 7/12
  1972 | D:2      | Found Miythramo's Distillery.
  1977 | D:2      | Bought a potion of curing for 30 gold pieces
  1977 | D:2      | Bought a potion of degeneration for 10 gold pieces
  1977 | D:2      | Bought a potion of attraction for 30 gold pieces
  2037 | D:2      | Reached XP level 5. HP: 28/28 MP: 8/14
  2440 | D:3      | Reached skill level 5 in Spellcasting
  2506 | D:3      | Found a shadowy altar of Dithmenos.
  2508 | D:3      | Found an ancient bone altar of Kikubaaqudgha.
  2756 | D:3      | Found a basalt altar of Yredelemnul.
  2767 | D:3      | Reached skill level 5 in Air Magic
  2914 | D:3      | Reached XP level 6. HP: 30/32 MP: 10/16
  3340 | D:3      | Learned a level 4 spell: Airstrike
  3672 | D:4      | Found a broken altar of Ashenzari.
  4367 | D:4      | Noticed Blork the orc
  4374 | D:4      | Killed Blork the orc
  4375 | D:4      | Reached skill level 6 in Spellcasting
  4861 | D:5      | Entered Level 5 of the Dungeon
  5034 | D:5      | Reached XP level 7. HP: 37/37 MP: 13/18
  5717 | D:5      | Reached skill level 1 in Fighting
  5932 | D:6      | Found an ornate altar of the Wu Jian Council.
  6166 | D:6      | Found a staircase to the Ecumenical Temple.
  6175 | Temple   | Entered the Ecumenical Temple
  6184 | Temple   | Became a worshipper of Vehumet
  6258 | D:6      | Reached skill level 7 in Spellcasting
  6342 | D:6      | Found Boegyih's Weapon Emporium.
  6622 | D:6      | Identified the +1 ring mail of Kixta {*Slow +Inv rF-
                  | Will+++}
  6841 | D:7      | Found Qoriejuu's Weapon Shop.
  6848 | D:7      | Learned a level 4 spell: Summon Lightning Spire
  6976 | D:7      | Reached XP level 8. HP: 45/45 MP: 16/21
  7016 | D:7      | Reached skill level 1 in Summonings
  7169 | D:7      | Reached skill level 8 in Spellcasting
  7511 | D:7      | Noticed Prince Ribbit
  7520 | D:7      | Killed Prince Ribbit
  7523 | D:7      | Reached * piety under Vehumet
  7523 | D:7      | Offered knowledge of Foxfire by Vehumet.
  7696 | D:7      | Found a bloodstained altar of Trog.
  7725 | D:7      | Found a sacrificial altar of Ru.
  7823 | D:8      | Found Qana Gank's Self-Improvement Boutique.
  7974 | D:8      | Reached skill level 9 in Spellcasting
  7974 | D:8      | Reached XP level 9. HP: 28/50 MP: 5/24
  8357 | D:8      | Slain by a killer bee

Illustrated notes

Levels and vault maps discovered:
D:1:      giann_horns, layout_basic, shapermc_ecumenical_altar_flowoftime
D:2:      layout_loops_ring, serial_shops, nicolae_shop_tiny_real_fake_doors
D:3:      layout_loops_corners, yredelemnul_forgotten_temple_becter,
          mainiacjoe_overflow_catwalk_spiral
D:4:      layout_layer_cave, cheibrodos_ashenzari_chains, serial_rivers,
          chequers_serial_rivers_room_a, chequers_serial_rivers_micro_a,
          chequers_serial_rivers_room_a, chequers_serial_rivers_large_a,
          uniq_blork_the_orc
D:5:      layout_gridville
D:6:      layout_rooms, nicolae_wu_jian_wuxing_cycle, minmay_temple_entry_waves,
          serial_shops, nicolae_shop_bloodbath_and_beyond,
          nicolae_figureground_sparkle
D:7:      layout_rooms, mainiacjoe_overflow_two_lobes, serial_shops, shop,
          grunt_ministairs_2, chequers_jeans, uniq_prince_ribbit1
D:8:      layout_basic, grunt_decor_arrowhead, nicolae_shop_self_help
Temple:   eino_temple_lava

Skill      XL: |  1  2  3  4  5  6  7  8  9 |
---------------+----------------------------+-----
Conjurations   | 2 3 4 |  4.4
Spellcasting   | 4 5 6 7 9 |  9.2
Air Magic      | 4 5 6 7 |  7.9
Fighting       | 2 3 |  3.0
Summonings     | 3 4 |  4.2
Dodging        | 4 |  4.7
Stealth        | |  2.4

Action                     |  1- 3 |  4- 6 |  7- 9 || total
---------------------------+-------+-------+-------++-------
  Melee: Dagger            |    15 |       |     6 ||    21
   Cast: Shock             |    68 |   107 |    78 ||   253
         Static Discharge  |     1 |    16 |    19 ||    36
         Airstrike         |       |       |    26 ||    26
         Summon Lightning  |       |       |     3 ||     3
    Use: Potion            |       |     1 |     1 ||     2
 Armour: Robe              |     4 |    22 |    55 ||    81
  Dodge: Dodged            |     5 |     8 |    19 ||    32

Table legend: (Time is in decaauts)
 A = Elapsed time spent in this place.
 B = Non-inter-level travel time spent in this place.
 C = Inter-level travel time spent in this place.
 D = Time resting spent in this place.
 E = Time spent auto-exploring this place.
 F = Levels seen in this place.
 G = Mean time per level.
                   A        B        C        D        E       F      G
               +--------+--------+--------+--------+--------+-----+--------+
         Total |   8362 |   8179 |    183 |      7 |   7260 |   9 |  929.1 |
       Dungeon |   8343 |   8168 |    175 |      7 |   7260 |   8 | 1042.9 |
        Temple |     18 |     10 |      8 |      0 |      0 |   1 |   18.0 |
               +--------+--------+--------+--------+--------+-----+--------+

Top non-repeatable levels by time:
     D:4: 1452 daAuts
     D:1: 1182 daAuts
     D:2: 1140 daAuts
     D:3: 1093 daAuts
     D:7: 1065 daAuts
     D:5: 990 daAuts
     D:6: 966 daAuts
     D:8: 453 daAuts
  Temple: 18 daAuts
